 Dungeon Crawl Stone Soup version 0.29-a0-284-gf9362112df (webtiles) character file.

Game seed: 17169583619324668074

2513 mistaj the Cleaver (level 9, 54/82 HPs)
             Began as a Deep Dwarf Fighter on Mar 22, 2022.
             Was a Priest of Elyvilon.
             Quit the game on level 8 of the Dungeon.
             The game lasted 00:12:55 (6492 turns).

mistaj the Cleaver (Deep Dwarf Fighter)             Turns: 6492, Time: 00:12:56

Health: 54/82      AC:  9    Str: 23    XL:     9   Next: 29%
Magic:  0/0        EV: 11    Int: 15    God:    Elyvilon [***...]
Gold:   411        SH:  5    Dex: 12    Spells: 8/8 levels left

rFire   . . .      SeeInvis .   x - +9 spear of Yesterday {vorpal, *Noise Int+5}
rCold   . . .      Faith    .   c - +0 buckler
rNeg    + + .      Spirit   .   E - +1 ring mail of Uleganull {rN++}
rPois   .          Reflect  .   (no helmet)
rElec   .          Harm     .   (no cloak)
rCorr   .          Rampage  .   (no gloves)
Will    ++...                   e - +1 pair of boots
Stlth   +.........              (no amulet)
HPRegen 0.00/turn               n - ring of willpower
MPRegen 0.07/turn               (no ring)

@: no status effects
A: damage resistance, heal wounds, sense surroundings 2, no regeneration
a: Heal Wounds, Renounce Religion, Purification, Heal Other, Heal Self


You were on level 8 of the Dungeon.
You worshipped Elyvilon.
Elyvilon was most pleased with you.
You visited 2 branches of the dungeon, and saw 9 of its levels.

You collected 411 gold pieces.

Inventory:

Hand Weapons
 a - a +0 war axe
 x - the +9 spear of Yesterday (weapon) {vorpal, *Noise Int+5}
   (You found it on level 5 of the Dungeon)

   It inflicts extra damage upon your enemies.
   Int:       It affects your intelligence (+5).
   *Noise:    It may make noises in combat.
Missiles
 t - 16 poisoned darts
Armour
 c - a +0 buckler (worn)
 e - a +1 pair of boots (worn)
 C - a +0 ring mail of cold resistance
 E - the +1 ring mail of Uleganull (worn) {rN++}
   (You found it on level 7 of the Dungeon)

   rN:        It greatly protects you from negative energy.
 G - a +0 pair of gloves
Jewellery
 n - a ring of willpower (left hand)
Wands
 v - a wand of paralysis (2)
 y - a wand of iceblast (23)
 D - a wand of mindburst (28)
Scrolls
 b - a scroll of enchant weapon {unknown}
 f - 2 scrolls of fear {unknown}
 g - 4 scrolls of enchant armour
 m - 2 scrolls of teleportation
 o - a scroll of amnesia {unknown}
 q - 3 scrolls of blinking {unknown}
 r - a scroll of immolation {unknown}
 s - 2 scrolls of holy word {unknown}
 u - 2 scrolls of identify {unknown}
 w - 2 scrolls of fog {unknown}
 F - a scroll of magic mapping {unknown}
Potions
 d - a potion of might
 h - 3 potions of magic {unknown}
 i - 3 potions of attraction {unknown}
 j - 5 potions of heal wounds {unknown}
 k - a potion of degeneration {unknown}
 l - 2 potions of curing {unknown}
 p - 3 potions of berserk rage {unknown}
 z - a potion of resistance {unknown}
 A - 2 potions of ambrosia {unknown}
 B - a potion of brilliance {unknown}


   Skills:
 + Level 5.7 Fighting
 + Level 9.5(9.7) Axes
 - Level 2.2(5.5) Polearms
 + Level 5.5 Armour
 - Level 1.7 Dodging
 - Level 0.8 Stealth
 + Level 6.5 Shields


You had 8 spell levels left.
You didn't know any spells.
Your spell library contained the following spells:

 Spells                   Type           Power      Damage    Failure   Level
 Magic Dart               Conj           0%         1d3       45%         1
 Call Imp                 Summ           0%         N/A       61%         2
 Ensorcelled Hibernation  Hex/Ice        0%         N/A       61%         2
 Static Discharge         Conj/Air       0%         N/A       61%         2
 Sublimation of Blood     Necr           0%         N/A       61%         2
 Wereblood                Tmut           0%         N/A       61%         2
 Gell's Gravitas          Tloc           0%         N/A       83%         3
 Mephitic Cloud           Conj/Pois/Air  0%         N/A       83%         3
 Portal Projectile        Hex/Tloc       0%         N/A       83%         3
 Spider Form              Tmut/Pois      0%         N/A       83%         3
 Teleport Other           Tloc           0%         N/A       83%         3
 Anguish                  Hex/Necr       0%         N/A       99%         4
 Dispel Undead            Necr           0%         3d6       99%         4
 Sticky Flame             Conj/Fire      0%         2d3       99%         4
 Blade Hands              Tmut           0%         N/A       100%        5
 Excruciating Wounds      Necr           0%         N/A       100%        5
 Lightning Bolt           Conj/Air       0%         1d11      100%        5
 Dispersal                Tloc           0%         N/A       100%        6
 Summon Hydra             Summ           0%         N/A       100%        7
 Maxwell's Capacitive Co  Air            0%         ∞         100%        8


Dungeon Overview and Level Annotations

Branches:
Dungeon (8/15)             Temple (1/1) D:4
   Lair: D:8-11

Altars:
Ashenzari
Cheibriados
Dithmenos
Elyvilon
Fedhas
Gozag
Hepliaklqana
Kikubaaqudgha
Makhleb
Nemelex Xobeh
Okawaru
Qazlal
Ru
Sif Muna
Trog
Uskayaw
Vehumet
Wu Jian
Xom
Yredelemnul
Zin
The Shining One

Annotations:
D:4 2 transporters, Zonian's ghost, novice DsIE
D:8 2 transporters, avis's ghost, novice HOTm


Innate Abilities, Weirdness & Mutations

You are resistant to damage.
You can heal yourself by infusing magical energy.
You passively map the area around you.
You do not regenerate.


Message History

The wyvern bites you but does no damage.
The orc throws a boomerang.
The boomerang completely misses you.
The orc warrior attacks as you move away!
The orc warrior closely misses you. The wyvern attacks as you move away!
The wyvern bites you!
* * * LOW HITPOINT WARNING * * *
The wyvern closely misses you.
The orc throws a stone.
You block the stone.
You feel much better.
The wyvern hisses menacingly.
You block the wyvern's attack. The orc barely misses you.
The orc throws a stone.
The stone hits you. The orc warrior misses you.
As you read the scroll labelled OCRIZO XAFROJE, it crumbles to dust.
It is a scroll of enchant armour.
Your +0 pair of boots glows green for a moment.
The wyvern completely misses you. The wyvern bites you.
The orc warrior hits you but does no damage.
As you read the scroll labelled ATWOUNLYKO, it crumbles to dust.
You feel strangely unstable.
It was a scroll of teleportation.
You block the wyvern's attack. The orc hits you with a +0 hand axe.
The orc warrior completely misses you. The orc attacks as you move away!
The orc hits you with a +0 hand axe. The wyvern attacks as you move away!
The wyvern barely misses you.
The two-headed ogre attacks as you move away!
The two-headed ogre hits you with a +0 giant club!!
* * * LOW HITPOINT WARNING * * *
You block the two-headed ogre's attack. You block the wyvern's attack.
The orc throws a stone.
The stone barely misses you.
The two-headed ogre attacks as you move away!
The two-headed ogre hits you with a +0 giant club!!
Elyvilon protects you from harm! The two-headed ogre barely misses you.
Your surroundings suddenly seem different.
You fail to use your ability.
Your magical essence is drained by the effort!
You feel much better.
Okay, then.
Found a stone staircase leading down.
Unknown command.
Okay, then.
Are you sure you want to abandon this character and quit the game? (Confirm with "yes".)

,* ##.....# , , #.......
#.....##....>.. #....... #.....#
....... , *#.......
#.....###.....# #....... ,
#.............# ##.......
#.............# #........ ,
#####..........# #........
#............).# #........
#.####.......@.# #........
####.####.........# ##........
..................# ####....^....
...©.©............# #............
###########..###### #.####.......
...)$....O#..# #...####.....
#..#.#.O#.#..# ##....####..#
.##...##..#..#########......#####
. #...*#..#.................#####


You could see a two-headed ogre.

Vanquished Creatures
  A steam dragon (D:7)
  A water moccasin (D:6)
  An ice beast (D:5)
  2 orc warriors (D:7)
  3 ogres
  4 black bears
  2 phantoms
  Blork the orc (D:5)
  3 bullfrogs
  A gnoll sergeant (D:4)
  A howler monkey (D:7)
  6 hounds
  4 orc priests (D:7)
  3 iguanas
  Jessica (D:3)
  Natasha (thrice) (D:3)
  3 orc wizards
  13 adders
  9 gnolls
  2 white imps
  An ufetubus (D:5)
  A worm (D:5)
  The ghost of Strat the Sneak, a weakling BaDe of Elyvilon (D:6)
  2 dart slugs
  20 orcs
  3 ball pythons
  3 bats
  4 endoplasms
  3 giant cockroaches
  8 goblins
  8 hobgoblins
  2 quokkas
  2 frilled lizards
  6 kobolds
  5 rats
133 creatures vanquished.

Vanquished Creatures (others)
  2 withered plants (D:6)
2 creatures vanquished.

Grand Total: 135 creatures vanquished

Notes
Turn   | Place    | Note
-------+----------+-------------------------------------------
     0 | D:1      | mistaj the Deep Dwarf Fighter began the quest for the Orb.
     0 | D:1      | Reached XP level 1. HP: 20/20 MP: 1/1
    67 | D:1      | Reached XP level 2. HP: 14/27 MP: 2/2
   941 | D:2      | Reached skill level 3 in Axes
   941 | D:2      | Reached XP level 3. HP: 29/34 MP: 3/3
  1061 | D:2      | Found a faded altar of an unknown god.
  1622 | D:3      | Noticed Natasha
  1629 | D:3      | Killed Natasha
  1630 | D:3      | Reached skill level 4 in Axes
  1630 | D:3      | Reached XP level 4. HP: 37/42 MP: 3/3
  1680 | D:3      | Noticed Jessica
  1697 | D:3      | Killed Jessica
  1747 | D:3      | Noticed an ogre
  1764 | D:3      | Killed an ogre
  1765 | D:3      | Reached skill level 5 in Axes
  1765 | D:3      | Reached XP level 5. HP: 42/49 MP: 4/4
  1841 | D:3      | Noticed Natasha
  1846 | D:3      | Killed Natasha
  2142 | D:3      | Noticed Natasha
  2156 | D:3      | Killed Natasha
  2157 | D:3      | Reached skill level 6 in Axes
  2157 | D:3      | Reached XP level 6. HP: 21/56 MP: 5/5
  2751 | D:4      | Found a transporter.
  2879 | D:4      | Found a staircase to the Ecumenical Temple.
  2888 | Temple   | Entered the Ecumenical Temple
  3011 | Temple   | Became a worshipper of Elyvilon the Healer
  3059 | D:4      | Found a transporter.
  3061 | D:4      | Noticed Zonian's ghost (novice DsIE)
  3085 | D:4      | Reached skill level 7 in Axes
  3105 | D:4      | Reached XP level 7. HP: 35/62 MP: 6/6
  3176 | D:4      | Reached skill level 1 in Dodging
  3450 | D:4      | Found a glowing golden altar of the Shining One.
  3743 | D:5      | Entered Level 5 of the Dungeon
  3794 | D:5      | Reached skill level 8 in Axes
  4110 | D:5      | Reached XP level 8. HP: 10/72 MP: 4/4
  4255 | D:5      | Reached * piety under Elyvilon
  4257 | D:5      | Identified the +9 spear of Yesterday {vorpal, *Noise Int+5}
  4290 | D:5      | Noticed Blork the orc
  4297 | D:5      | Killed Blork the orc
  4334 | D:5      | Reached skill level 1 in Polearms
  4630 | D:6      | Reached skill level 5 in Shields
  4822 | D:6      | Reached ** piety under Elyvilon
  4952 | D:6      | Found a runed translucent door.
  4952 | D:6      | Noticed Strat's ghost (weakling BaDe)
  5064 | D:6      | Killed Strat's ghost
  5131 | D:7      | Reached skill level 5 in Fighting
  5131 | D:7      | Reached skill level 9 in Axes
  5484 | D:7      | Reached skill level 5 in Armour
  5484 | D:7      | Gained mutation: You passively map the area around you.
                  | [Deep Dwarf growth]
  5484 | D:7      | Reached XP level 9. HP: 73/81 MP: 2/2
  5573 | D:7      | Identified the +1 ring mail of Uleganull {rN++}
  6011 | D:7      | Reached *** piety under Elyvilon
  6358 | D:8      | Found a transporter.
  6358 | D:8      | Noticed avis's ghost (novice HOTm)
  6360 | D:8      | Identified the +10 great mace "Killer Bee's Peril" {speed,
                  | rC+ Str+3}
  6360 | D:8      | Noticed a two-headed ogre
  6364 | D:8      | Found a transporter.
  6389 | D:8      | Noticed a two-headed ogre
  6447 | D:8      | HP: 4/82 [wyvern (3)]
  6456 | D:8      | Elyvilon protects you from harm!
  6492 | D:8      | Quit the game

Illustrated notes

Levels and vault maps discovered:
D:1:      lightli_arrival_farm, layout_basic, hangedman_abyss_or_decor_stabs,
          minmay_door_square
D:2:      layout_basic, shapermc_ecumenical_altar_mp_vishouse
D:3:      layout_basic, bh_walls_and_bars, uniq_jessica, uniq_natasha
D:4:      layout_loops_ring, nicolae_tso_carved_into_rock,
          minmay_temple_entry_mist, gammafunk_ghost_stat_death,
          kennysheep_generic_room_9
D:5:      layout_rooms, uniq_blork_the_orc
D:6:      layout_rooms, gammafunk_ghost_grave, minmay_strange_pillars
D:7:      hellmonk_warped_wall, layout_loops_corners
D:8:      layout_basic, gammafunk_ghost_smash, serial_bayou,
          serial_bayou_shore_b, serial_bayou_lagoon_a, serial_bayou_pond_e,
          serial_bayou_lake_a, minmay_misc_feat_x
Temple:   kilobyte_greek_temple

Skill      XL: |  1  2  3  4  5  6  7  8 |
---------------+-------------------------+-----
Fighting       | 3 4 5 |  5.7
Axes           | 3 4 5 6 7 8 9 |  9.5
Shields        | 4 6 |  6.5
Dodging        | 1 |  1.7
Polearms       | 2 |  2.2
Armour         | 5 |  5.5
Stealth        | |  0.8

Action                   |  1- 3 |  4- 6 |  7- 9 || total
-------------------------+-------+-------+-------++-------
Melee: War axe           |    62 |   114 |   127 ||   303
       Spear             |       |       |   165 ||   165
 Abil: Heal Wounds       |     2 |     3 |    18 ||    23
  Use: Scroll            |       |       |     2 ||     2
Armor: Scale mail        |    23 |    55 |    81 ||   159
       Ring mail         |       |       |    25 ||    25
Dodge: Dodged            |    27 |    65 |    99 ||   191
Block: Buckler           |     9 |    30 |    63 ||   102

Table legend: (Time is in decaauts)
 A = Elapsed time spent in this place.
 B = Non-inter-level travel time spent in this place.
 C = Inter-level travel time spent in this place.
 D = Time resting spent in this place.
 E = Time spent auto-exploring this place.
 F = Levels seen in this place.
 G = Mean time per level.
                   A        B        C        D        E       F      G
               +--------+--------+--------+--------+--------+-----+--------+
         Total |   6570 |   6350 |    220 |    947 |   3867 |   9 |  730.0 |
       Dungeon |   6411 |   6208 |    203 |    947 |   3756 |   8 |  801.4 |
        Temple |    159 |    142 |     17 |      0 |    111 |   1 |  159.0 |
               +--------+--------+--------+--------+--------+-----+--------+

Top non-repeatable levels by time:
     D:4: 1185 daAuts
     D:7: 1110 daAuts
     D:3: 1074 daAuts
     D:1: 933 daAuts
     D:2: 721 daAuts
     D:5: 604 daAuts
     D:6: 510 daAuts
     D:8: 270 daAuts
  Temple: 159 daAuts
